 Dungeon Crawl Stone Soup version 0.22-a0-617-g6d95e9e (webtiles) character file.

59 Hebeh the Firebug (level 3, -14/19 HPs)
             Began as a Deep Elf Fire Elementalist on July 12, 2018.
             Demolished by Robin
             ... wielding a +1 dagger of distortion
              (18 damage)
             ... on level 2 of the Dungeon.
             The game lasted 00:05:32 (1313 turns).

Hebeh the Firebug (Deep Elf Fire Elementalist)      Turns: 1313, Time: 00:05:33

Health: -14/19     AC:  3    Str:  5    XL:     3   Next: 78%
Magic:  0/10       EV: 13    Int: 20    God:
Gold:   66         SH:  0    Dex: 15    Spells: 8/9 levels left

rFire    . . .     SeeInvis .   e - -2 short sword (curse)
rCold    . . .     Gourm    .   (no shield)
rNeg     . . .     Faith    .   f - +0 robe
rPois    .         Spirit   .   (no helmet)
rElec    .         Reflect  .   (no cloak)
rCorr    .         Harm     .   (no gloves)
MR       .....                  d - +0 pair of boots
Stlth    ++........             (no amulet)
HPRegen  0.06/turn              (no ring)
MPRegen  0.12/turn              (no ring)

@: no status effects
A: no striking features
a: no special abilities


You were on level 2 of the Dungeon.
You were not hungry.

You visited 1 branch of the dungeon, and saw 2 of its levels.

You collected 66 gold pieces.

Inventory:

Hand Weapons
 a - a +0 dagger
 b - a +0 hunting sling
 e - a cursed -2 short sword (weapon)
Missiles
 g - 20 stones (quivered)
 i - 19 bolts
Armour
 d - a +0 pair of boots (worn)
 f - a +0 robe (worn)
Scrolls
 k - a scroll of identify
Potions
 j - a potion of heal wounds
Comestibles
 c - 2 rations
 h - 2 chunks of flesh


   Skills:
 - Level 2.4 Dodging
 - Level 2.4 Stealth
 + Level 3.8 Spellcasting
 * Level 3.0 Conjurations
 + Level 3.8 Fire Magic


You had 8 spell levels left.
You knew the following spells:

 Your Spells              Type           Power        Failure   Level  Hunger
a - Flame Tongue          Conj/Fire      ###..        3%          1    None

Your spell library contained the following spells:

 Spells                   Type           Power        Failure   Level  Hunger
 Fireball                 Conj/Fire      ###.......   65%         5    ######.
 Conjure Flame            Conj/Fire      ###.....     10%         3    ###....
 Throw Flame              Conj/Fire      ###...       4%          2    ##.....
 Sticky Flame             Conj/Fire      ###.....     32%         4    ####...
 Inner Flame              Hex/Fire       ##......     19%         3    ###....


Dungeon Overview and Level Annotations

Branches:
Dungeon (2/15)

Altars:
The Shining One

Annotations:
D:2 Robin


Message History

Aiming: Flame Tongue (safe; 3% risk of failure)
Press: ? - help, Shift-Dir - straight line, f/p - Robin
Aim: Robin, wielding a dagger of distortion, wearing an animal skin and wearing a helmet (heavily wounded)
The flame tongue hits Robin.
Robin is almost dead.
Robin hits you with a dagger of distortion.
* * * LOW HITPOINT WARNING * * *
You blink.
A goblin comes into view. It is wielding a club.
A hobgoblin comes into view.
A goblin and a hobgoblin come into view.
Robin throws the goblin at you! The goblin hits you but does no damage.
The goblin moves out of view.
You closely miss the goblin. The goblin barely misses you.
The goblin hits you but does no damage.
You closely miss the goblin.
The goblin hits you but does no damage. x2
You closely miss the goblin. The goblin closely misses you.
Robin hits you but does no damage. Space warps horribly around you!
Ouch! That really hurt!
You die...

#.##..............#
#.##.####.#######.####
#.........# #........# ###
####'###### #.###.##.# ..#
##...## #.###.##.# #.# ##.....##
#.)...##.# #.###.......#
#..#####.#
#.##.........####.(.####.######
...'.........+.g@g..............
#.##.........####gg(.....#####.#
..###.......## ##g####### ###
##.....## #.# ##...## #.# #+##
#g# ..g .g. ...


You could see Robin, 2 hobgoblins and 2 goblins.

Vanquished Creatures
  A gnoll (D:1)
  An ooze (D:1)
  2 dart slugs
  4 leopard geckos (D:1)
  2 ball pythons (D:1)
  5 bats
  6 goblins
  5 hobgoblins
  A quokka (D:2)
  5 kobolds (D:1)
  3 rats (D:1)
35 creatures vanquished.

Notes
Turn   | Place    | Note
-------+----------+-------------------------------------------
     0 | D:1      | Hebeh the Deep Elf Fire Elementalist began the quest for the Orb.
     0 | D:1      | Reached XP level 1. HP: 10/10 MP: 6/6
    30 | D:1      | Found a glowing golden altar of the Shining One.
   131 | D:1      | Reached XP level 2. HP: 15/15 MP: 4/8
   626 | D:1      | Reached XP level 3. HP: 19/19 MP: 7/10
  1304 | D:2      | Noticed Robin
  1313 | D:2      | Demolished by Robin

Vault maps used:
D:1:      lemuel_arrival_behind_the_door_large, tso_metal_star
D:2:      chequers_ecumenical_altar_simple, uniq_robin

Skill      XL: |  1  2  3 |
---------------+----------+-----
Conjurations   | 2 3 |  3.0
Dodging        | |  2.4
Stealth        | |  2.4
Spellcasting   | |  3.8
Fire Magic     | |  3.8

Action                   || total
-------------------------++-------
Melee: Short sword       ||     3
 Cast: Flame Tongue      ||    64
  Use: Scroll            ||     3
  Eat: Chunk             ||     1
Armor: Robe              ||     1
Dodge: Dodged            ||    17

Table legend:
 A = Spawn XP
 B = Non-spawn XP
 C = Spawn XP percentage of total XP
 D = Spawn monster count
 E = Non-spawn monster count
 F = Spawn count percentage of total count
 G = Total turns spent on level
                    A         B        C        D         E        F      G
               +---------+---------+-------+---------+---------+-------+---------
         Total |       0 |      85 |   0.0 |       0 |      35 |   0.0 |  1313
               +---------+---------+-------+---------+---------+-------+---------
           D:1 |       0 |      67 |   0.0 |       0 |      26 |   0.0 |  1163
           D:2 |       0 |      18 |   0.0 |       0 |       9 |   0.0 |   150
               +---------+---------+-------+---------+---------+-------+---------
